 Dungeon Crawl Stone Soup version 0.30-a0-553-g7fabdf1491 (webtiles) character file.

Game seed: 8217092845519027393

275 wormed the Chopper (level 6, -1/48 HPs)
             Began as a Mummy Monk on Dec 26, 2022.
             Killed from afar by Blork the orc (4 damage)
             ... with a puff of flame
             ... on level 4 of the Dungeon.
             The game lasted 00:05:56 (3202 turns).

wormed the Chopper (Mummy Monk)                     Turns: 3202, Time: 00:05:57

Health: -1/48      AC: 12    Str: 16    XL:     6   Next: 3%
Magic:  6/6        EV:  5    Int:  9    God:
Gold:   229        SH:  0    Dex: 15    Spells: 5/5 levels left

rFire   x . .      SeeInvis .    a - +0 hand axe
rCold   + . .      Faith    +    (no shield)
rNeg    + + +      Spirit   .    n - +0 plate armour
rPois   ∞          Reflect  .    c - +0 helmet
rElec   .          Harm     .    (no cloak)
rCorr   .          Rampage  .    (no gloves)
Will    +....                    h - +0 pair of boots Stlth
                                 (no amulet)
HPRegen 0.28/turn                b - ring of willpower
MPRegen 0.10/turn                (no ring)

@: no status effects
A: cold resistance 1, negative energy resistance 3, torment resistance 2, heat
vulnerability 1, in touch with death 1, no potions, faith
a: no special abilities


You were on level 4 of the Dungeon.
You visited 1 branch of the dungeon, and saw 4 of its levels.

You collected 229 gold pieces.

Inventory:

Hand Weapons
 a - a +0 hand axe (weapon)
Missiles
 i - 4 poisoned darts (quivered)
Armour
 c - a +0 helmet (worn)
 h - a +0 pair of boots (worn)
 n - a +0 plate armour (worn)
Jewellery
 b - a ring of willpower (left hand)
 p - a ring of resist corrosion
Wands
 l - a wand of paralysis (5)
Scrolls
 d - a scroll of brand weapon {unknown}
 e - 4 scrolls of identify {unknown}
 f - a scroll of poison {unknown}
 g - a scroll of torment {unknown}
 j - a scroll of blinking {unknown}
 k - a scroll of fog {unknown}
 m - a scroll of immolation {unknown}
 q - a scroll of fear {unknown}
 r - a scroll of teleportation {unknown}


   Skills:
 + Level 3.8 Fighting
 * Level 3.8 Axes
 + Level 1.6 Armour
 + Level 3.1 Dodging
 - Level 2.0 Stealth
 + Level 1.6 Shields


You had 5 spell levels left.
You didn't know any spells.
Your spell library contained the following spells:

 Spells                   Type           Power      Damage    Failure   Level
 Beastly Appendage        Tmut           Unusable   N/A       N/A         1
 Wereblood                Tmut           Unusable   N/A       N/A         2
 Spider Form              Tmut/Pois      Unusable   N/A       N/A         3

Dungeon Overview and Level Annotations

Branches:
Dungeon (4/15)
 Temple: D:4-7

Altars:
Ashenzari
Uskayaw
Vehumet

Shops:
D:2 *

Annotations:
D:4 Blork the orc


Innate Abilities, Weirdness & Mutations

You are immune to poison.
Your flesh is cold resistant. (rC+)
You are immune to negative energy. (rN+++)
You are immune to unholy pain and torment.
You are vulnerable to heat. (rF-)
You are in touch with the powers of death.
You do not drink.
You have a special connection with the divine. (Faith)


Message History

Blork the orc hits you with a +0 long sword.
* * * LOW HITPOINT WARNING * * *
Blork the orc gestures at you while chanting.
The magic dart hits you.
* * * LOW HITPOINT WARNING * * *
Throw: 3 throwing nets
Press: ? - help, Q - select action, (/) - cycle Shift-Dir - straight line, f - Blork the orc
Aim: Blork the orc, wielding a +0 long sword and wearing a +0 robe (severely wounded, fast, 63% to hit)
You throw a throwing net. The throwing net hits Blork the orc.
Blork the orc is caught in the net!
Blork the orc is severely wounded.
Blork the orc struggles against the net.
Blork the orc screams, "I'll break your arms!"
Blork the orc points at you and mumbles some strange words.
The magic dart hits you.
* * * LOW HITPOINT WARNING * * *
Blork the orc struggles against the net.
Throw: 2 throwing nets
Press: ? - help, Q - select action, (/) - cycle Shift-Dir - straight line, f/p - Blork the orc
Aim: Blork the orc, wielding a +0 long sword and wearing a +0 robe (severely wounded, fast, 63% to hit)
You throw a throwing net.
The throwing net barely misses Blork the orc.
Blork the orc points at you and mumbles some strange words.
The magic dart hits you.
* * * LOW HITPOINT WARNING * * *
Throw: throwing net
Press: ? - help, Q - select action, (/) - cycle Shift-Dir - straight line, f/p - Blork the orc
Aim: Blork the orc, wielding a +0 long sword and wearing a +0 robe (severely wounded, fast, 63% to hit)
You throw a throwing net. The throwing net hits Blork the orc.
Blork the orc is caught in the net!
Blork the orc is severely wounded.
Blork the orc struggles against the net.
Blork the orc gestures at you while chanting.
The magic dart hits you.
* * * LOW HITPOINT WARNING * * *
Blork the orc struggles against the net.
Blork the orc struggles against the net.
Blork the orc points at you and mumbles some strange words.
The puff of flame hits you. The fire burns you terribly!
You die...

##.. #.P ##. ## #
######## #......#
#.o.@..######
#.####.##...#
#.##........#
#.##.#.##...#########
#.##.#.##...#........
#......##...#.##.##.#
#..(...........#.##.#
#..#(#...........##.#
#..[.#.........####.#


You could see Blork the orc (fast).

Vanquished Creatures
  A necrophage (D:4)
  A howler monkey (D:4)
  An iguana (D:3)
  4 gnolls (D:3)
  5 adders
  An ufetubus (D:4)
  4 orcs
  6 ball pythons
  5 bats
  5 endoplasms
  2 giant cockroaches
  6 goblins
  6 hobgoblins
  3 quokkas
  A frilled lizard (D:1)
  4 kobolds
  5 rats
60 creatures vanquished.

Vanquished Creatures (others)
  11 plants (D:4)
11 creatures vanquished.

Grand Total: 71 creatures vanquished

Notes
Turn   | Place    | Note
-------+----------+-------------------------------------------
     0 | D:1      | wormed the Mummy Monk began the quest for the Orb.
     0 | D:1      | Reached XP level 1. HP: 18/18 MP: 1/1
   290 | D:1      | Reached XP level 2. HP: 23/24 MP: 2/2
   919 | D:2      | Found a faded altar of an unknown god.
   979 | D:2      | Gained mutation: You are in touch with the powers of death.
                  | [Mummy growth]
   979 | D:2      | Reached XP level 3. HP: 25/29 MP: 3/3
  1079 | D:2      | Found Commuplo's General Store.
  1870 | D:3      | Reached XP level 4. HP: 22/35 MP: 4/4
  1949 | D:3      | Found a hide-covered altar of Uskayaw.
  1949 | D:3      | Found a broken altar of Ashenzari.
  2019 | D:3      | Reached skill level 1 in Shields
  2131 | D:3      | Reached skill level 1 in Armour
  2343 | D:3      | Reached XP level 5. HP: 25/41 MP: 5/5
  2846 | D:4      | Found a radiant altar of Vehumet.
  2969 | D:4      | Reached XP level 6. HP: 47/48 MP: 6/6
  3168 | D:4      | Noticed Blork the orc
  3196 | D:4      | HP: 1/48 [Blork the orc/magic dart (3)]
  3202 | D:4      | Killed from afar by Blork the orc

Illustrated notes

Levels and vault maps discovered:
D:1:      dpeg_cavernosity, layout_rooms, minmay_split_cup_large
D:2:      layout_basic, chequers_ecumenical_altar_simple_redux, serial_shops,
          shop
D:3:      layout_basic, jmf_multi_god_temple
D:4:      layout_loops_cross, nicolae_tso_swordbearing_angel,
          old_standard_altar, serial_forest, infiniplex_forest_end_2,
          infiniplex_forest_corner_2, infiniplex_forest_clump_diagonal,
          infiniplex_forest_lined_corner, infiniplex_forest_clump_large,
          infiniplex_forest_lined_4_way, infiniplex_forest_straight_1,
          infiniplex_forest_clump_small, uniq_blork_the_orc

Skill      XL: |  1  2  3  4  5 |
---------------+----------------+-----
Axes           | 3 |  3.8
Stealth        | 2 |  2.0
Shields        | 1 |  1.6
Armour         | 1 |  1.6
Dodging        | 3 |  3.1
Fighting       | |  3.8

Action                   |  1- 3 |  4- 6 || total
-------------------------+-------+-------++-------
Melee: Hand axe          |    95 |   150 ||   245
       Punch             |     1 |     2 ||     3
Throw: Throwing net      |       |     3 ||     3
 Stab: Sleeping          |     2 |       ||     2
Armor: Robe              |    11 |       ||    11
       Ring mail         |    18 |       ||    18
       Plate armour      |       |   119 ||   119
Dodge: Dodged            |    53 |    44 ||    97

Table legend: (Time is in decaauts)
 A = Elapsed time spent in this place.
 B = Non-inter-level travel time spent in this place.
 C = Inter-level travel time spent in this place.
 D = Time resting spent in this place.
 E = Time spent auto-exploring this place.
 F = Levels seen in this place.
 G = Mean time per level.
                   A        B        C        D        E       F      G
               +--------+--------+--------+--------+--------+-----+--------+
         Total |   3237 |   3060 |    177 |    328 |   2126 |   4 |  809.2 |
       Dungeon |   3237 |   3060 |    177 |    328 |   2126 |   4 |  809.2 |
               +--------+--------+--------+--------+--------+-----+--------+

Top non-repeatable levels by time:
     D:3: 1006 daAuts
     D:1: 892 daAuts
     D:2: 865 daAuts
     D:4: 473 daAuts
